 Dungeon Sprint DCSS version 0.21-a0-460-g737a915 (webtiles) character file.

49 Kidiri the Sneak (level 3, 0/18 HPs)
             Began as a Spriggan Enchanter on Nov 20, 2017.
             Succumbed to a worker ant's poison
             ... in the Dungeon (Sprint II: "The Violet Keep of Menkaure").
             The game lasted 00:01:07 (53 turns).

Kidiri the Sneak (Spriggan Enchanter)                 Turns: 53, Time: 00:01:08

Health: 0/18       AC:  2    Str:  4    XL:     3   Next: 51%
Magic:  7/9        EV: 20    Int: 16    God:
Gold:   0          SH:  0    Dex: 17    Spells: 9/10 levels left

rFire    . . .     SeeInvis +   a - +1 dagger
rCold    . . .     Gourm    .   (shield restricted)
rNeg     . . .     Faith    .   b - +0 robe
rPois    .         Spirit   .   (helmet restricted)
rElec    .         Reflect  .   (no cloak)
rCorr    .         Harm     .   (gloves unavailable)
MR       .....     NoTele   +   (boots unavailable)
Stlth    +++.......             (no amulet)
HPRegen  0.06/turn              (no ring)
MPRegen  0.11/turn              (no ring)

@: lethally poisoned (0 -> -7), berserk cooldown, slowed, quick
A: unfitting armour, see invisible, herbivore 3, speed 3, slow metabolism 2
a: no special abilities


You were in the Dungeon.
You were not hungry.

You visited 1 branch

Inventory:

Hand Weapons
 a - a +1 dagger (weapon)
Armour
 b - a +0 robe (worn)
Scrolls
 j - a scroll of blinking
Potions
 g - a potion of haste
 h - 2 potions of magic
Books
 c - a book of Maledictions

   Spells                             Type                      Level
   a - Corona                         Hexes                        1
   b - Ensorcelled Hibernation        Hexes/Ice                    2
   c - Confuse                        Hexes                        3
   d - Tukima's Dance                 Hexes                        3
   e - Dazzling Spray                 Conjuration/Hexes            3
Comestibles
 d - a bread ration


   Skills:
 + Level 1.3 Fighting
 * Level 3.2 Short Blades
 + Level 1.2 Armour
 * Level 5.2 Dodging
 * Level 6.4 Stealth
 * Level 4.4 Spellcasting
 + Level 4.4 Hexes


You had 9 spell levels left.
You knew the following spells:

 Your Spells              Type           Power        Failure   Level  Hunger
a - Corona                Hex            ###....      2%          1    None


Dungeon Overview and Level Annotations

Branches:
Dungeon (1/1)

Altars:


Innate Abilities, Weirdness & Mutations

You are very small and have problems with some larger weapons.
You are too small for most types of armour.
You have supernaturally acute eyesight. (SInv)
You are a herbivore.
You cover ground extremely quickly.
You need consume almost no food.


Message History

You hit the worker ant but do no damage.
The worker ant is lightly wounded.
The worker ant bites you.
* * * LOW HITPOINT WARNING * * *
You are lethally poisoned!
The worker ant poisons you!
You hit the worker ant but do no damage.
The worker ant is lightly wounded.
* * * LOW HITPOINT WARNING * * *
You feel sick. The worker ant misses you. The worker ant barely misses you.
You barely miss the worker ant.
The worker ant is lightly wounded.
* * * LOW HITPOINT WARNING * * *
You feel sick.
The worker ant completely misses you. x2
You hit the worker ant but do no damage.
The worker ant is lightly wounded.
The worker ant completely misses you.
You hit the worker ant.
The worker ant is lightly wounded.
You die...

## ## ##$
.## .w w. #
.#. ## #.
#+# .##
#H##.###a.#
#+.<.@a#
#H##.###..#
#. #+# .##
# .$. ##


nn#nn ##. .## ## ## You could see 2 worker ants.

Vanquished Creatures
  2 worker ants (D)
2 creatures vanquished.

Notes
Turn   | Place    | Note
-------+----------+-------------------------------------------
     0 | D        | Kidiri the Spriggan Enchanter began the quest for the Orb.
     0 | D        | Reached XP level 1. HP: 9/9 MP: 5/5
     1 | D        | Noticed a tyrant leech
     1 | D        | Noticed a tyrant leech
     5 | D        | Noticed a necrophage
     5 | D        | Noticed a necrophage
     5 | D        | Noticed a necrophage
     5 | D        | Noticed a necrophage
     8 | D        | Noticed a hippogriff
     8 | D        | Noticed a hippogriff
    12 | D        | Noticed a worker ant
    12 | D        | Noticed a worker ant
    22 | D        | Killed a worker ant
    22 | D        | Reached skill level 1 in Fighting
    22 | D        | Reached skill level 1 in Armour
    22 | D        | Reached skill level 5 in Stealth
    22 | D        | Reached XP level 2. HP: 12/14 MP: 5/7
    26 | D        | Reached skill level 5 in Dodging
    26 | D        | Reached skill level 6 in Stealth
    26 | D        | Reached XP level 3. HP: 15/18 MP: 5/9
    53 | D        | Succumbed to a worker ant's poison

Vault maps used:
D:        the_violet_keep_of_menkaure

Skill      XL: |  1  2 |
---------------+-------+-----
Fighting       | 1 |  1.3
Short Blades   | 2 3 |  3.2
Armour         | 1 |  1.2
Dodging        | 4 5 |  5.2
Stealth        | 5 6 |  6.4
Spellcasting   | 3 4 |  4.4
Hexes          | 4 |  4.4

Action                   || total
-------------------------++-------
Melee: Dagger            ||    34
 Cast: Corona            ||     1
  Use: Potion            ||     3
Dodge: Dodged            ||    39

Table legend:
 A = Spawn XP
 B = Non-spawn XP
 C = Spawn XP percentage of total XP
 D = Spawn monster count
 E = Non-spawn monster count
 F = Spawn count percentage of total count
 G = Total turns spent on level
                    A         B        C        D         E        F      G
               +---------+---------+-------+---------+---------+-------+---------
         Total |       0 |      70 |   0.0 |       0 |       2 |   0.0 |    53
               +---------+---------+-------+---------+---------+-------+---------
             D |       0 |      70 |   0.0 |       0 |       2 |   0.0 |    53
               +---------+---------+-------+---------+---------+-------+---------
